 Dungeon Crawl Stone Soup version 0.30.1-3-gfc49f6343a (webtiles) character file.

Game seed: 194010059619865580

314 FishyPogo the Chiller (level 6, -5/61 HPs)
             Began as a Naga Ice Elementalist on July 23, 2023.
             Slain by a wyvern zombie (11 damage)
             ... on level 3 of the Dungeon.
             The game lasted 00:16:32 (3387 turns).

FishyPogo the Chiller (Naga Ice Elementalist)       Turns: 3387, Time: 00:16:33

Health: -5/61      AC:  3    Str: 10      XL:     6   Next: 43%
Magic:  2/10       EV: 10    Int: 18      God:
Gold:   182        SH:  0    Dex: 10 (11) Spells: 3/10 levels left

rFire   + . .        (no weapon)
rCold   . . .        (no shield)
rNeg    . . .        k - +0 robe
rPois   +            (no helmet)
rElec   .            (no cloak)
rCorr   +            (no gloves)
SInv    +            (no barding)
Will    .....        u - amulet of the acrobat
Stlth   +++          q - ring of resist corrosion
HPRegen 0.30/turn    (no ring)
MPRegen 0.12/turn

%: acrobat
@: very slow
A: AC +2, large, see invisible, deformed body, poison resistance, slowness 2,
spit poison 2, naga tail 1, fire resistance 1, robust 1
a: Breathe Poison Gas


You were on level 3 of the Dungeon.
You visited 1 branch of the dungeon, and saw 4 of its levels.

You collected 231 gold pieces.
You spent 49 gold pieces at shops.

Inventory:

Hand Weapons
 a - a +0 sling
Missiles
 c - 47 stones
 f - 3 datura-tipped darts
 h - 6 boomerangs
 j - 5 poisoned darts
Armour
 k - a +0 robe (worn)
 p - the +0 scale mail of Baldness {rElec rN+ Stlth+}
   (You found it on level 2 of the Dungeon)

   rElec:     It insulates you from electricity.
   rN:        It protects you from negative energy.
   Stlth:     It makes you more stealthy.
Jewellery
 g - a ring of ice
 n - a ring of poison resistance
 q - a ring of resist corrosion (left hand)
 u - an amulet of the acrobat (around neck)
Scrolls
 d - a scroll of acquirement {unknown}
 l - a scroll of blinking {unknown}
 m - 3 scrolls of identify {unknown}
 o - a scroll of amnesia {unknown}
 r - a scroll of magic mapping {unknown}
 s - a scroll of vulnerability {unknown}
Potions
 b - 3 potions of magic
 e - a potion of degeneration


   Skills:
 + Level 3.0 Fighting
 - Level 2.0 Dodging
 - Level 5.0 Stealth
 + Level 2.7 Spellcasting
 * Level 5.6 Ice Magic


You had 3 spell levels left.
You knew the following spells:

 Your Spells              Type           Power      Damage    Failure   Level
a - Freeze                Ice            88%        1d9       1%          1
b - Frozen Ramparts       Ice            44%        1d7       4%          3
c - Ozocubu's Armour      Ice            22%        N/A       4%          3

Your spell library contained the following spells:

 Spells                   Type           Power      Damage    Failure   Level
 Dazzling Flash           Conj/Hex       4%         N/A       45%         3
 Volatile Blastmotes      Fire/Tloc      4%         2d10      45%         3
 Summon Ice Beast         Ice/Summ       12%        N/A       47%         4
 Iskenderun's Mystic Bla  Conj/Tloc      2%         2d3       86%         4
 Starburst                Conj/Fire      1%         6d3       100%        6


Dungeon Overview and Level Annotations

Branches:
Dungeon (4/15)
 Temple: D:4-7

Altars:

Shops:
D:1 *

Annotations:
D:2 1 runed translucent door, Crazy Yiuf


Innate Abilities, Weirdness & Mutations

Your serpentine skin is tough. (AC +2)
You have supernaturally acute eyesight. (SInv)
Armour fits poorly on your strangely shaped body.
Your system is resistant to poisons. (rPois)
You cover ground very slowly.
You can exhale a cloud of poison.
You have a snake-like lower body.
Your flesh is heat resistant. (rF+)
You are robust. (+10% HP)


Message History

Unknown command.
Fire: a) +0 sling
Press: ? - help, Q - select action, (/) - cycle Shift-Dir - straight line, f/p - howler monkey skeleton
Aim: a howler monkey skeleton (lightly damaged, 79% to hit)
You shoot a sling bullet.
The sling bullet hits the wyvern zombie but does no damage.
The wyvern zombie is moderately damaged.
The wyvern zombie bites you! The wyvern zombie bites you.
Fire: a) +0 sling
Press: ? - help, Q - select action, (/) - cycle Shift-Dir - straight line, f/p - howler monkey skeleton
Aim: a howler monkey skeleton (lightly damaged, 79% to hit)
You shoot a sling bullet.
The sling bullet hits the wyvern zombie!
The wyvern zombie is heavily damaged.
Your icy armour evaporates.
The wyvern zombie bites you!
* * * LOW HITPOINT WARNING * * *
The wyvern zombie barely misses you.
Unknown command.
You feel better.
The wyvern zombie bites you but does no damage.
It was a potion of mutation.
You feel extremely strange.
You feel robust.
You feel vulnerable to heat. A pair of horns grows on your head!
The wyvern zombie bites you.
* * * LOW HITPOINT WARNING * * *
You are now empty-handed.
The wyvern zombie bites you!
* * * LOW HITPOINT WARNING * * *
Unknown command.
Really quaff the potion of mutation?
You feel extremely strange.
You no longer feel vulnerable to heat.
The horns on your head shrink away.
You feel resistant to heat.
There is a nasty taste in your mouth for a moment.
The wyvern zombie barely misses you.
Okay, then.
You barely miss the wyvern zombie.
The wyvern zombie is heavily damaged.
The wyvern zombie bites you!
You die...

#.......# ###.#.......
############## #.##...... ....#
#....#.... ....# #######....
....# ####.#.#.#.#.. ....#
#..#.....#.... ....#######
###..'....##...#
....'.....########Z...'.Z.?.#...#
...)#...........@ZZ#..'...$##...#
....#.........######..#.Z...#....
....#..)......# ####.#.#.#...#
#####.........# ##### #..##
#.........# #.# #.... #.........#
#.####.### #####.........#
#......... ....#.........#
######.### ....#.........#
########.#


You could see a wyvern zombie, a water moccasin skeleton and a howler monkey
skeleton.

Vanquished Creatures
  A bullfrog zombie (D:3)
  The ghost of tykejmi the Sneak, a weakling SpBr (D:3)
  A bullfrog skeleton (D:3)
  An orc wizard (D:3)
  7 gnolls
  6 adders
  4 dart slugs
  3 orcs (D:3)
  4 bats
  6 endoplasms
  3 giant cockroaches
  4 goblins
  2 hobgoblins (D:1)
  2 jackals (D:2)
  8 kobolds
  3 quokkas (D:1)
  8 ball pythons
  2 frilled lizards (D:1)
  2 rats
68 creatures vanquished.

Notes
Turn   | Place    | Note
-------+----------+-------------------------------------------
     0 | D:1      | FishyPogo the Naga Ice Elementalist began the quest for the
                  | Orb.
     0 | D:1      | Reached XP level 1. HP: 15/15 MP: 3/3
   165 | D:1      | Reached XP level 2. HP: 24/24 MP: 1/5
   676 | D:1      | Reached skill level 1 in Fighting
   676 | D:1      | Reached XP level 3. HP: 31/31 MP: 6/6
   680 | D:1      | Learned a level 3 spell: Frozen Ramparts
   903 | D:1      | Found Vogoenevuc's Assorted Antiques.
   910 | D:1      | Bought a scroll labelled XUPICE ZIQY for 26 gold pieces
   910 | D:1      | Bought a smoky golden potion for 23 gold pieces
  1262 | D:2      | Reached XP level 4. HP: 34/38 MP: 7/7
  1524 | D:2      | Found a runed translucent door.
  1525 | D:2      | Noticed Crazy Yiuf
  1678 | D:2      | Reached XP level 5. HP: 45/45 MP: 8/8
  1740 | D:2      | Learned a level 3 spell: Ozocubu's Armour
  1755 | D:2      | Identified the +0 scale mail of Baldness {rElec rN+ Stlth+}
  2053 | D:3      | Reached skill level 5 in Stealth
  2088 | D:3      | Found a runed translucent gate.
  2088 | D:3      | Found a runed translucent gate.
  2092 | D:3      | Found a runed translucent gate.
  2094 | D:3      | Noticed tykejmi's ghost (weakling SpBr)
  2308 | D:3      | Reached skill level 5 in Ice Magic
  2404 | D:3      | You fall into a shaft and drop 1 floor!
  3356 | D:3      | Killed tykejmi's ghost
  3357 | D:3      | Reached XP level 6. HP: 38/55 MP: 0/9
  3384 | D:3      | Gained mutation: You are robust. (+10% HP) [potion of
                  | mutation]
  3384 | D:3      | Gained mutation: You are vulnerable to heat. (rF-) [potion
                  | of mutation]
  3384 | D:3      | Gained mutation: You have a pair of small horns on your
                  | head. [potion of mutation]
  3386 | D:3      | Lost mutation: You are vulnerable to heat. (rF-) [potion of
                  | mutation]
  3386 | D:3      | Lost mutation: You have a pair of small horns on your head.
                  | [potion of mutation]
  3386 | D:3      | Gained mutation: Your flesh is heat resistant. (rF+)
                  | [potion of mutation]
  3386 | D:3      | Gained mutation: You can exhale a cloud of poison. [potion
                  | of mutation]
  3387 | D:3      | Slain by a wyvern zombie

Illustrated notes

Levels and vault maps discovered:
D:1:      pf_arrival_petrified_forest, layout_loops_cross, serial_shops,
          nicolae_shop_peninsula
D:2:      layout_basic, minmay_misc_feat_rows, uniq_crazy_yiuf_cottage
D:3:      layout_basic, gammafunk_ghost_necromancy
D:4:      layout_loops_cross, nicolae_underground_beach, uniq_edmund

Skill      XL: |  1  2  3  4  5  6 |
---------------+-------------------+-----
Fighting       | 1 2 3 |  3.0
Dodging        | 2 |  2.0
Stealth        | 4 5 |  5.0
Ice Magic      | 5 |  5.6
Spellcasting   | |  2.7

Action                     |  1- 3 |  4- 6 || total
---------------------------+-------+-------++-------
  Melee: Unarmed           |     5 |    10 ||    15
   Fire: Sling             |    14 |   121 ||   135
   Cast: Freeze            |    19 |       ||    19
         Frozen Ramparts   |       |     5 ||     5
         Ozocubu's Armour  |       |     1 ||     1
Ability: Spit Poison       |    24 |    17 ||    41
    Use: Potion            |       |     7 ||     7
 Armour: Robe              |     1 |    23 ||    24
         Skin              |       |    12 ||    12
  Dodge: Dodged            |    12 |    62 ||    74
